 Dungeon Crawl Stone Soup version 0.27.1-37-g7b29ead8ac (webtiles) character file.

Game seed: 7089173734994025535

264 tkbsonic5 the Vexing (level 6, -10/46 HPs)
             Began as a Human Arcane Marksman on Jan 13, 2024.
             Was an Initiate of Ashenzari.
             Mangled by an ice beast (13 damage)
             ... on level 3 of the Dungeon.
             The game lasted 00:09:26 (3781 turns).

tkbsonic5 the Vexing (Human Arcane Marksman)        Turns: 3781, Time: 00:09:27

Health: -10/46     AC:  2    Str: 11    XL:     6   Next: 43%
Magic:  5/9        EV: 12    Int: 15    God:    Ashenzari [......]
Gold:   96         SH:  0    Dex: 13    Spells: 2/9 levels left

rFire    + . .     SeeInvis .   a - +0 hunting sling
rCold    . . .     Faith    .   (no shield)
rNeg     . . .     Spirit   .   d - +0 robe
rPois    .         Reflect  .   (no helmet)
rElec    .         Harm     .   (no cloak)
rCorr    .         Rampage  .   (no gloves)
Will     .....                  (no boots)
Stlth    +.........             (no amulet)
HPRegen  0.15/turn              b - ring of protection from fire
MPRegen  0.11/turn              (no ring)

@: no status effects
A: no striking features
a: Renounce Religion


You were on level 3 of the Dungeon.
You worshipped Ashenzari.
Ashenzari was noncommittal.
You visited 1 branch of the dungeon, and saw 3 of its levels.

You collected 96 gold pieces.

Inventory:

Hand Weapons
 a - a +0 hunting sling (weapon)
 e - a +1 long sword of draining
Missiles
 f - 47 stones
 h - 34 sling bullets (quivered ammo)
 i - 16 poisoned darts
Armour
 d - a +0 robe (worn)
Jewellery
 b - a ring of protection from fire (left hand)
Scrolls
 c - 2 scrolls of identify
 g - a scroll of immolation
 n - a scroll of torment


   Skills:
 * Level 2.8 Fighting
 * Level 2.3 Long Blades
 + Level 3.2 Slings
 + Level 2.0 Dodging
 * Level 2.0 Spellcasting
 * Level 4.1 Hexes
 * Level 0.7 Fire Magic


You had 2 spell levels left.
You knew the following spells:

 Your Spells              Type           Power      Damage    Failure   Level
a - Corona                Hex            14%        N/A       4%          1
b - Slow                  Hex            13%        N/A       6%          2
c - Summon Small Mammal   Summ           4%         N/A       22%         1
d - Inner Flame           Hex/Fire       8%         N/A       24%         3

Your spell library contained the following spells:

 Spells                   Type           Power      Damage    Failure   Level
 Blink                    Tloc           N/A        N/A       32%         2
 Portal Projectile        Hex/Tloc       14%        N/A       28%         3
 Cause Fear               Hex            6%         N/A       38%         4
 Manifold Assault         Tloc           1%         N/A       99%         5
 Storm Form               Tmut/Air       0%         N/A       100%        7


Dungeon Overview and Level Annotations

Branches:
Dungeon (3/15)

Altars:
Ashenzari


Message History

Your bat hits the ice beast but does no damage.
Your bat misses the ice beast. Your bat hits the ice beast.
Your bat misses the ice beast.
Your bat hits the ice beast but does no damage.
The ice beast seems less drained.
Your bat hits the ice beast.
Your bat hits the ice beast but does no damage.
Your bat hits the ice beast. The ice beast barely misses your bat.
Your bat hits the ice beast.
Your bat barely misses the ice beast.
The ice beast closely misses your bat.
Your bat barely misses the ice beast.
The ice beast hits your bat.
Your bat dies!
Your bat's corpse disappears in a puff of smoke!
a - a +0 hunting sling (weapon)
Fire: 38 sling bullets
Press: ? - help, Q - select action, (/) - cycle Shift-Dir - straight line, f/p - ice beast
Aim: an ice beast (heavily wounded, 59% to hit)
You shoot a sling bullet. The sling bullet hits the ice beast!
The ice beast is severely wounded.
Unknown command.
Fire: 37 sling bullets
Press: ? - help, Q - select action, (/) - cycle Shift-Dir - straight line, f/p - ice beast
Aim: an ice beast (severely wounded, 59% to hit)
You shoot a sling bullet. The sling bullet hits the ice beast.
The ice beast is almost dead.
Unknown command.
Fire: 36 sling bullets
Press: ? - help, Q - select action, (/) - cycle Shift-Dir - straight line, f/p - ice beast
Aim: an ice beast (almost dead, 59% to hit)
You shoot a sling bullet.
The sling bullet barely misses the ice beast.
Unknown command.
Fire: 35 sling bullets
Press: ? - help, Q - select action, (/) - cycle Shift-Dir - straight line, f/p - ice beast
Aim: an ice beast (almost dead, 59% to hit)
You shoot a sling bullet. The sling bullet hits the ice beast.
The ice beast is almost dead.
The ice beast hits you.
* * * LOW HITPOINT WARNING * * *
The ice beast freezes you!
You die...

########### #.........#
#.#######.#######
#.#.............########
#.##....#.#####.#.......
#..+......# #.#.......
####....#.# #.#.......
#....#.# #.#.......
#...@#.# #.........
####Y#.#####.#.......
#######.#.##....#.....#.
#......(..##....#.###.#.
#......(..##....###.....
#.........##....###.....
#.........#.....'.......
###......(..#.....###.....
#...........#.....# ######


You could see an ice beast.

Vanquished Creatures
  Sigmund (D:2)
  Robin (D:2)
  2 dart slugs (D:3)
  An orc (D:3)
  8 ball pythons
  4 endoplasms
  2 giant cockroaches
  13 goblins
  7 hobgoblins
  3 kobolds (D:3)
  2 quokkas
  2 bats (D:1)
  3 frilled lizards
  A rat (D:1)
50 creatures vanquished.

Vanquished Creatures (collateral kills)
  An iguana (D:3)
  A ball python (D:3)
2 creatures vanquished.

Grand Total: 52 creatures vanquished

Notes
Turn   | Place    | Note
-------+----------+-------------------------------------------
     0 | D:1      | tkbsonic5 the Human Arcane Marksman began the quest for the
                  | Orb.
     0 | D:1      | Reached XP level 1. HP: 15/15 MP: 2/2
   153 | D:1      | Reached XP level 2. HP: 20/21 MP: 1/3
   667 | D:1      | Found a faded altar of an unknown god.
   739 | D:1      | Got Plato's Reference Book on the Entourage
   807 | D:1      | Reached XP level 3. HP: 26/26 MP: 2/4
   810 | D:1      | Learned a level 2 spell: Slow
   812 | D:1      | Learned a level 1 spell: Summon Small Mammal
  1500 | D:2      | Noticed Sigmund
  1588 | D:2      | Killed Sigmund
  1589 | D:2      | Reached XP level 4. HP: 18/34 MP: 2/6
  1589 | D:2      | Reached XP level 5. HP: 20/39 MP: 2/7
  1589 | D:2      | Reached XP level 6. HP: 24/46 MP: 2/8
  1644 | D:2      | Learned a level 3 spell: Inner Flame
  1863 | D:2      | Noticed Robin
  1885 | D:2      | Killed Robin
  1886 | D:2      | Reached skill level 4 in Hexes
  3372 | D:3      | Found a broken altar of Ashenzari.
  3471 | D:3      | Became a worshipper of Ashenzari the Shackled
  3739 | D:3      | Noticed an ice beast
  3781 | D:3      | Mangled by an ice beast

Illustrated notes

Levels and vault maps discovered:
D:1:      roderic_dead_forest, layout_basic,
          shapermc_ecumenical_altar_rom_forum, minmay_distorted
D:2:      layout_loops_ring, uniq_robin, uniq_sigmund
D:3:      layout_basic, evilmike_ruin_ashenzari, nicolae_vehumet_radiance,
          st_stairs_3, minmay_cupped

Skill      XL: |  1  2  3  4  5  6 |
---------------+-------------------+-----
Fighting       | 2 |  2.8
Long Blades    | 2 |  2.3
Slings         | 3 |  3.2
Hexes          | 4 |  4.1
Spellcasting   | 2 |  2.0
Dodging        | |  2.0
Fire Magic     | |  0.7

Action                   |  1- 3 |  4- 6 || total
-------------------------+-------+-------++-------
Melee: Long sword        |       |    53 ||    53
 Fire: Hunting sling     |    73 |     8 ||    81
 Cast: Corona            |    24 |     2 ||    26
       Slow              |     4 |     6 ||    10
       Summon Small Mamm |     1 |    14 ||    15
  Use: Scroll            |     4 |       ||     4
       Potion            |     4 |     1 ||     5
Armor: Robe              |     2 |     7 ||     9
       Skin              |       |    22 ||    22
Dodge: Dodged            |     8 |    42 ||    50
       Rpst.: Long sword |       |    15 ||    15
